2791 views
Uploaded 2020-01-20 19:18:09
Game version 1.32.0.6
28:23 long 3on3 ladder game on (6)GnollWood
Saved by BEARAND
2791 views
Uploaded 2020-01-20 19:18:09
Game version 1.32.0.6
28:23 long 3on3 ladder game on (6)GnollWood


110 units @ 18.6k
/ 3.7k
65 buildings @ 9.2k
/ 4.1k

| Rod of Necromancy | 1 | 150 |
| Orb of Corruption | 1 | 375 |
| Scroll of Town Portal | 1 | 350 |
| Boots of Speed | 1 | 250 |
| Circlet of Nobility | 2 | 350 |
| total: | 6 | 1475g |
| Acolyte | 2 | 150 | / | 0 |
| Ghoul | 3 | 360 | / | 0 |
| Obsidian Statue | 3 | 600 | / | 105 |
| Abomination | 9 | 2160 | / | 630 |
| Meat Wagon | 2 | 460 | / | 100 |
| total: | 19 | 3730g | / | 835w |
| Spirit Tower | 1 | 145 | / | 40 |
| Altar of Darkness | 1 | 180 | / | 50 |
| Ziggurat | 7 | 1050 | / | 350 |
| Crypt | 2 | 400 | / | 100 |
| Tomb of Relics | 1 | 130 | / | 30 |
| Graveyard | 1 | 215 | / | 0 |
| Necropolis | 1 | 225 | / | 0 |
| Slaughterhouse | 5 | 700 | / | 675 |
| Halls of the Dead | 4 | 1280 | / | 840 |
| Black Citadel | 3 | 975 | / | 690 |
| total: | 18 | 2900g | / | 1205w |
| 0:05 | Acolyte |
| 0:08 | Altar of Darkness |
| 0:12 | Ziggurat |
| 0:16 | Acolyte |
| 0:38 | Crypt |
| 0:40 | Crypt |
| 0:48 | Tomb of Relics |
| 1:10 | Graveyard |
| 1:40 | Ghoul |
| 1:48 | Ghoul |
| 1:51 | Ghoul |
| 2:10 | Rod of Necromancy |
| 2:24 | Sleep |
| 3:11 | Halls of the Dead |
| 3:22 | Unholy Armor |
| 3:25 | Unholy Strength |
| 3:44 | Vampiric Aura |
| 3:51 | Ziggurat |
| 4:46 | Ziggurat |
| 4:57 | Boots of Speed |
| 4:57 | Circlet of Nobility |
| 5:38 | Black Citadel |
| 5:40 | Slaughterhouse |
| 5:41 | Slaughterhouse |
| 5:43 | Ziggurat |
| 5:59 | Circlet of Nobility |
| 6:39 | Improved Unholy Strength |
| 6:48 | Carrion Swarm |
| 6:58 | Obsidian Statue |
| 8:07 | Abomination |
| 8:09 | Advanced Unholy Strength |
| 8:46 | Abomination |
| 8:48 | Disease Cloud |
| 9:15 | Improved Unholy Armor |
| 9:47 | Abomination |
| 10:19 | Ziggurat |
| 10:45 | Abomination |
| 11:08 | Ziggurat |
| 11:13 | Advanced Unholy Armor |
| 11:57 | Carrion Swarm |
| 12:00 | Orb of Corruption |
| 12:09 | Scroll of Town Portal |
| 12:17 | Abomination |
| 13:14 | Abomination |
| 13:46 | Spirit Tower |
| 14:17 | Necropolis |
| 15:50 | Halls of the Dead |
| 18:05 | Creature Attack |
| 18:13 | Slaughterhouse |
| 18:14 | Slaughterhouse |
| 18:16 | Black Citadel |
| 18:57 | Slaughterhouse |
| 19:21 | Meat Wagon |
| 19:24 | Ziggurat |
| 19:26 | Improved Creature Attack |
| 19:55 | Obsidian Statue |
| 20:36 | Meat Wagon |
| 21:33 | Abomination |
| 22:13 | Advanced Creature Attack |
| 22:57 | Abomination |
| 23:36 | Carrion Swarm |
| 23:58 | Abomination |
| 24:38 | Obsidian Statue |
| Right click | 1871 |
| Select | 469 |
| Select group | 169 |
| Chat | 89 |
| Build/train/purchase | 68 |
| Misc. action | 66 |
| Assign group | 27 |
| Use ability | 24 |
| Minimap ping | 13 |
| Resource trade | 6 |
| Item give/drop | 2 |
| Remove unit | 1 |


| Rod of Necromancy | 2 | 300 |
| Dust of Appearance | 1 | 75 |
| total: | 3 | 375g |
| Acolyte | 5 | 375 | / | 0 |
| Ghoul | 3 | 360 | / | 0 |
| Crypt Fiend | 13 | 2795 | / | 520 |
| Meat Wagon | 17 | 3910 | / | 850 |
| Frost Wyrm | 2 | 770 | / | 240 |
| total: | 40 | 8210g | / | 1610w |
| Nerubian Tower | 2 | 200 | / | 40 |
| Spirit Tower | 5 | 725 | / | 200 |
| Graveyard | 1 | 215 | / | 0 |
| Crypt | 1 | 200 | / | 50 |
| Altar of Darkness | 1 | 180 | / | 50 |
| Ziggurat | 9 | 1350 | / | 450 |
| Tomb of Relics | 1 | 130 | / | 30 |
| Slaughterhouse | 2 | 280 | / | 270 |
| Sacrificial Pit | 1 | 75 | / | 150 |
| Boneyard | 2 | 350 | / | 400 |
| Halls of the Dead | 1 | 320 | / | 210 |
| Black Citadel | 2 | 650 | / | 460 |
| total: | 18 | 2780g | / | 1400w |
| 0:05 | Acolyte |
| 0:12 | Graveyard |
| 0:14 | Crypt |
| 0:23 | Acolyte |
| 0:23 | Acolyte |
| 0:44 | Altar of Darkness |
| 1:05 | Ziggurat |
| 1:14 | Tomb of Relics |
| 1:24 | Ghoul |
| 1:24 | Ghoul |
| 1:57 | Ghoul |
| 2:01 | Ziggurat |
| 2:15 | Crypt Fiend |
| 2:54 | Halls of the Dead |
| 2:56 | Death Coil |
| 2:59 | Rod of Necromancy |
| 2:59 | Rod of Necromancy |
| 3:14 | Nerubian Tower |
| 3:58 | Dust of Appearance |
| 4:12 | Crypt Fiend |
| 4:16 | Ziggurat |
| 4:40 | Crypt Fiend |
| 5:19 | Acolyte |
| 5:21 | Slaughterhouse |
| 5:35 | Slaughterhouse |
| 5:38 | Ziggurat |
| 5:54 | Web |
| 6:20 | Creature Attack |
| 6:21 | Crypt Fiend |
| 6:30 | Unholy Aura |
| 6:48 | Meat Wagon |
| 7:07 | Meat Wagon |
| 7:31 | Unholy Strength |
| 7:58 | Meat Wagon |
| 8:21 | Meat Wagon |
| 8:23 | Ziggurat |
| 9:19 | Black Citadel |
| 9:47 | Meat Wagon |
| 10:04 | Crypt Fiend |
| 10:16 | Meat Wagon |
| 10:24 | Improved Unholy Strength |
| 10:36 | Crypt Fiend |
| 10:38 | Meat Wagon |
| 12:01 | Meat Wagon |
| 12:01 | Meat Wagon |
| 12:03 | Crypt Fiend |
| 12:04 | Crypt Fiend |
| 12:30 | Disease Cloud |
| 12:48 | Sacrificial Pit |
| 13:09 | Meat Wagon |
| 13:44 | Spirit Tower |
| 13:44 | Spirit Tower |
| 13:46 | Spirit Tower |
| 14:46 | Meat Wagon |
| 14:50 | Death Coil |
| 16:00 | Meat Wagon |
| 16:01 | Meat Wagon |
| 16:08 | Acolyte |
| 16:40 | Meat Wagon |
| 16:43 | Frost Nova |
| 16:49 | Crypt Fiend |
| 16:52 | Crypt Fiend |
| 17:42 | Crypt Fiend |
| 17:56 | Ziggurat |
| 17:57 | Ziggurat |
| 17:58 | Ziggurat |
| 19:15 | Meat Wagon |
| 19:16 | Crypt Fiend |
| 20:51 | Spirit Tower |
| 22:06 | Frost Armor |
| 23:30 | Boneyard |
| 24:12 | Meat Wagon |
| 24:25 | Ziggurat |
| 24:38 | Crypt Fiend |
| 24:47 | Frost Wyrm |
| 25:22 | Boneyard |
| 25:48 | Frost Wyrm |
| 25:50 | Freezing Breath |
| 26:02 | Improved Creature Attack |
| 26:38 | Unholy Aura |
| 26:39 | Frost Nova |
| 26:52 | Meat Wagon |
| Right click | 2043 |
| Select group | 893 |
| Select | 468 |
| Build/train/purchase | 113 |
| Assign group | 64 |
| Use ability | 48 |
| Misc. action | 40 |
| Minimap ping | 28 |
| Esc | 1 |



x1)
| Dust of Appearance | 1 | 75 |
| Tome of Retraining | 1 | 300 |
| total: | 2 | 375g |
| Peasant | 16 | 1200 | / | 0 |
| Footman | 11 | 1485 | / | 0 |
| Mortar Team | 5 | 900 | / | 350 |
| Siege Engine | 12 | 2340 | / | 720 |
| Flying Machine | 7 | 700 | / | 210 |
| total: | 51 | 6625g | / | 1280w |
| Scout Tower | 5 | 150 | / | 100 |
| Arcane Tower | 1 | 70 | / | 50 |
| Guard Tower | 3 | 210 | / | 150 |
| Altar of Kings | 1 | 180 | / | 50 |
| Farm | 12 | 960 | / | 240 |
| Barracks | 2 | 320 | / | 120 |
| Town Hall | 3 | 1155 | / | 615 |
| Lumber Mill | 2 | 240 | / | 0 |
| Blacksmith | 1 | 140 | / | 60 |
| Arcane Vault | 1 | 130 | / | 30 |
| Workshop | 2 | 280 | / | 280 |
| Keep | 3 | 960 | / | 630 |
| Castle | 1 | 360 | / | 210 |
| total: | 29 | 3555g | / | 1495w |
| 0:03 | Peasant |
| 0:03 | Peasant |
| 0:07 | Altar of Kings |
| 0:19 | Farm |
| 0:21 | Barracks |
| 0:23 | Peasant |
| 0:44 | Peasant |
| 0:50 | Farm |
| 0:59 | Peasant |
| 1:09 | Peasant |
| 1:23 | Footman |
| 1:28 | Peasant |
| 1:32 | Farm |
| 1:47 | Footman |
| 1:54 | Peasant |
| 2:08 | Summon Water Elemental |
| 2:09 | Footman |
| 2:14 | Farm |
| 2:26 | Peasant |
| 2:40 | Footman |
| 2:50 | Peasant |
| 2:51 | Peasant |
| 3:08 | Footman |
| 3:17 | Brilliance Aura |
| 3:38 | Town Hall |
| 3:46 | Scout Tower |
| 3:52 | Peasant |
| 3:53 | Peasant |
| 4:12 | Lumber Mill |
| 4:16 | Farm |
| 4:31 | Dust of Appearance |
| 5:06 | Arcane Tower |
| 5:07 | Scout Tower |
| 5:09 | Footman |
| 5:31 | Keep |
| 5:33 | Blacksmith |
| 5:35 | Arcane Vault |
| 5:40 | Footman |
| 6:01 | Barracks |
| 6:06 | Peasant |
| 6:06 | Peasant |
| 6:06 | Peasant |
| 6:07 | Guard Tower |
| 6:09 | Scout Tower |
| 6:18 | Footman |
| 6:39 | Guard Tower |
| 6:41 | Scout Tower |
| 6:47 | Summon Water Elemental |
| 7:05 | Defend |
| 7:08 | Farm |
| 7:10 | Footman |
| 7:10 | Footman |
| 7:20 | Guard Tower |
| 7:36 | Scout Tower |
| 7:38 | Lumber Mill |
| 8:02 | Castle |
| 8:06 | Improved Lumber Harvesting |
| 8:12 | Footman |
| 8:34 | Workshop |
| 9:21 | Storm Bolt |
| 9:59 | Bash |
| 10:07 | Mortar Team |
| 10:07 | Mortar Team |
| 10:10 | Workshop |
| 10:36 | Mortar Team |
| 10:36 | Mortar Team |
| 10:41 | Black Gunpowder |
| 11:21 | Fragmentation Shards |
| 11:23 | Studded Leather Armor |
| 12:02 | Mortar Team |
| 12:21 | Siege Engine |
| 13:31 | Siege Engine |
| 13:31 | Siege Engine |
| 15:04 | Barrage |
| 15:06 | Siege Engine |
| 15:56 | Farm |
| 15:57 | Farm |
| 15:58 | Refined Gunpowder |
| 16:06 | Siege Engine |
| 16:27 | Farm |
| 17:12 | Siege Engine |
| 17:55 | Farm |
| 17:58 | Siege Engine |
| 18:53 | Siege Engine |
| 18:56 | Farm |
| 19:10 | Tome of Retraining |
| 19:10 | Retrain Hero |
| 19:12 | Blizzard |
| 19:12 | Blizzard |
| 19:13 | Brilliance Aura |
| 19:25 | Iron Plating |
| 19:25 | Imbued Gunpowder |
| 20:00 | Flame Strike |
| 20:18 | Siege Engine |
| 20:53 | Siege Engine |
| 21:59 | Siege Engine |
| 22:24 | Steel Plating |
| 22:51 | Farm |
| 24:14 | Siege Engine |
| 24:30 | Town Hall |
| 25:10 | Town Hall |
| 25:29 | Flying Machine |
| 25:29 | Flying Machine |
| 25:29 | Flying Machine |
| 25:29 | Flying Machine |
| 25:30 | Flying Machine |
| 25:30 | Flying Machine |
| 25:30 | Flying Machine |
| 25:45 | Brilliance Aura |
| 27:02 | Keep |
| Right click | 2429 |
| Select group | 1363 |
| Select | 604 |
| Misc. action | 298 |
| Build/train/purchase | 173 |
| Resource trade | 88 |
| Assign group | 67 |
| Use ability | 32 |
| Chat | 15 |
| Minimap ping | 11 |
| Esc | 4 |
| Item give/drop | 1 |
| Remove unit | 1 |
71 units @ 6.4k
/ 0.5k
221 buildings @ 12.9k
/ 7.3k
BEARAND
(28:22) : 


| Lesser Clarity Potion | 1 | 70 |
| Staff of Sanctuary | 3 | 750 |
| Potion of Mana | 2 | 400 |
| Staff of Teleportation | 3 | 450 |
| Boots of Speed | 3 | 750 |
| Healing Salve | 4 | 400 |
| total: | 16 | 2820g |
| Peasant | 17 | 1275 | / | 0 |
| Priest | 1 | 135 | / | 10 |
| total: | 18 | 1410g | / | 10w |
| Scout Tower | 80 | 2400 | / | 1600 |
| Arcane Tower | 1 | 70 | / | 50 |
| Guard Tower | 37 | 2590 | / | 1850 |
| Altar of Kings | 1 | 180 | / | 50 |
| Farm | 6 | 480 | / | 120 |
| Lumber Mill | 1 | 120 | / | 0 |
| Arcane Vault | 2 | 260 | / | 60 |
| Town Hall | 2 | 770 | / | 410 |
| Arcane Sanctum | 1 | 150 | / | 140 |
| Keep | 1 | 320 | / | 210 |
| Castle | 1 | 360 | / | 210 |
| total: | 93 | 4360g | / | 2380w |
| 0:01 | Peasant |
| 0:01 | Peasant |
| 0:07 | Altar of Kings |
| 0:17 | Farm |
| 0:19 | Peasant |
| 0:19 | Peasant |
| 0:28 | Scout Tower |
| 0:30 | Farm |
| 0:38 | Peasant |
| 1:03 | Peasant |
| 1:05 | Lumber Mill |
| 1:07 | Peasant |
| 1:26 | Scout Tower |
| 1:26 | Peasant |
| 1:30 | Peasant |
| 1:35 | Arcane Tower |
| 1:40 | Peasant |
| 1:52 | Peasant |
| 1:56 | Peasant |
| 2:06 | Blizzard |
| 2:12 | Guard Tower |
| 2:13 | Scout Tower |
| 2:15 | Scout Tower |
| 2:51 | Guard Tower |
| 2:51 | Scout Tower |
| 3:15 | Keep |
| 3:19 | Guard Tower |
| 3:20 | Scout Tower |
| 3:29 | Improved Masonry |
| 3:47 | Guard Tower |
| 3:49 | Scout Tower |
| 3:50 | Scout Tower |
| 4:10 | Scout Tower |
| 4:10 | Scout Tower |
| 4:15 | Staff of Teleportation |
| 4:18 | Boots of Speed |
| 4:44 | Guard Tower |
| 4:44 | Guard Tower |
| 4:46 | Farm |
| 4:47 | Farm |
| 5:32 | Healing Salve |
| 6:05 | Guard Tower |
| 6:06 | Guard Tower |
| 6:27 | Arcane Sanctum |
| 6:29 | Improved Lumber Harvesting |
| 6:40 | Storm Bolt |
| 6:51 | Brilliance Aura |
| 6:59 | Castle |
| 7:03 | Scout Tower |
| 7:04 | Scout Tower |
| 7:04 | Scout Tower |
| 7:05 | Scout Tower |
| 7:28 | Healing Salve |
| 7:29 | Lesser Clarity Potion |
| 7:49 | Boots of Speed |
| 8:03 | Staff of Teleportation |
| 8:22 | Guard Tower |
| 8:22 | Guard Tower |
| 8:23 | Magic Sentry |
| 9:16 | Guard Tower |
| 9:17 | Guard Tower |
| 9:18 | Scout Tower |
| 9:18 | Scout Tower |
| 9:25 | Arcane Vault |
| 9:26 | Advanced Masonry |
| 10:22 | Arcane Vault |
| 10:26 | Healing Salve |
| 10:30 | Healing Salve |
| 10:57 | Staff of Sanctuary |
| 11:45 | Holy Light |
| 11:59 | Scout Tower |
| 11:59 | Scout Tower |
| 11:59 | Scout Tower |
| 12:00 | Scout Tower |
| 12:01 | Scout Tower |
| 12:01 | Scout Tower |
| 12:01 | Scout Tower |
| 12:02 | Scout Tower |
| 12:03 | Scout Tower |
| 12:03 | Scout Tower |
| 12:10 | Bash |
| 12:22 | Boots of Speed |
| 12:22 | Staff of Teleportation |
| 12:37 | Scout Tower |
| 12:37 | Scout Tower |
| 12:53 | Staff of Sanctuary |
| 13:29 | Priest |
| 13:31 | Sorceress Adept Training |
| 13:31 | Guard Tower |
| 13:31 | Guard Tower |
| 13:38 | Guard Tower |
| 13:51 | Guard Tower |
| 13:51 | Guard Tower |
| 14:29 | Guard Tower |
| 14:34 | Blizzard |
| 15:10 | Town Hall |
| 15:57 | Town Hall |
| 15:59 | Scout Tower |
| 16:00 | Scout Tower |
| 16:00 | Scout Tower |
| 16:01 | Scout Tower |
| 16:02 | Scout Tower |
| 16:03 | Scout Tower |
| 16:03 | Scout Tower |
| 16:03 | Scout Tower |
| 16:04 | Scout Tower |
| 16:14 | Staff of Sanctuary |
| 16:21 | Scout Tower |
| 16:21 | Scout Tower |
| 16:22 | Scout Tower |
| 16:24 | Farm |
| 16:25 | Farm |
| 16:34 | Guard Tower |
| 16:48 | Guard Tower |
| 16:48 | Guard Tower |
| 16:56 | Guard Tower |
| 17:31 | Guard Tower |
| 17:31 | Guard Tower |
| 17:32 | Guard Tower |
| 18:15 | Guard Tower |
| 18:34 | Guard Tower |
| 19:17 | Peasant |
| 19:18 | Peasant |
| 19:18 | Peasant |
| 19:20 | Peasant |
| 19:20 | Peasant |
| 20:35 | Scout Tower |
| 20:35 | Scout Tower |
| 20:36 | Scout Tower |
| 20:37 | Scout Tower |
| 20:52 | Potion of Mana |
| 21:02 | Storm Bolt |
| 21:10 | Potion of Mana |
| 21:43 | Divine Shield |
| 22:18 | Guard Tower |
| 22:19 | Guard Tower |
| 23:02 | Scout Tower |
| 23:03 | Scout Tower |
| 23:03 | Scout Tower |
| 23:03 | Scout Tower |
| 23:04 | Scout Tower |
| 23:04 | Scout Tower |
| 23:05 | Scout Tower |
| 23:06 | Scout Tower |
| 23:06 | Scout Tower |
| 23:07 | Scout Tower |
| 23:07 | Scout Tower |
| 23:07 | Scout Tower |
| 23:08 | Scout Tower |
| 23:08 | Scout Tower |
| 23:09 | Scout Tower |
| 23:09 | Scout Tower |
| 23:09 | Scout Tower |
| 23:10 | Scout Tower |
| 23:10 | Scout Tower |
| 23:10 | Scout Tower |
| 23:11 | Scout Tower |
| 24:30 | Imbued Masonry |
| 26:13 | Bash |
| 27:21 | Scout Tower |
| 27:21 | Scout Tower |
| 27:22 | Scout Tower |
| 27:23 | Scout Tower |
| 27:23 | Scout Tower |
| 27:23 | Scout Tower |
| 27:26 | Brilliance Aura |
| 27:34 | Holy Light |
| 27:53 | Scout Tower |
| 28:08 | Scout Tower |
| 28:09 | Scout Tower |
| 28:10 | Scout Tower |
| 28:10 | Scout Tower |
| 28:11 | Scout Tower |
| 28:11 | Scout Tower |
| 28:11 | Scout Tower |
| 28:12 | Scout Tower |
| Right click | 2985 |
| Select | 894 |
| Select group | 414 |
| Build/train/purchase | 158 |
| Use ability | 153 |
| Minimap ping | 20 |
| Assign group | 13 |
| Misc. action | 13 |
| Chat | 13 |
| Resource trade | 12 |
| Item give/drop | 5 |
IcebergSlim
(28:20) : 

| Healing Salve | 4 | 400 |
| Orb of Lightning | 2 | 750 |
| Boots of Speed | 2 | 500 |
| Staff of Teleportation | 2 | 300 |
| Staff of Sanctuary | 2 | 500 |
| total: | 12 | 2450g |
| Peon | 14 | 1050 | / | 0 |
| Troll Batrider | 11 | 1760 | / | 440 |
| total: | 25 | 2810g | / | 440w |
| Watch Tower | 26 | 2860 | / | 2080 |
| Altar of Storms | 1 | 180 | / | 50 |
| Orc Burrow | 4 | 640 | / | 160 |
| War Mill | 1 | 205 | / | 0 |
| Voodoo Lounge | 4 | 520 | / | 120 |
| Beastiary | 3 | 435 | / | 420 |
| Stronghold | 1 | 315 | / | 190 |
| Fortress | 1 | 325 | / | 190 |
| total: | 39 | 4840g | / | 2830w |
| 0:02 | Peon |
| 0:02 | Peon |
| 0:07 | Altar of Storms |
| 0:19 | Orc Burrow |
| 0:22 | Peon |
| 0:35 | Peon |
| 0:49 | War Mill |
| 0:56 | Peon |
| 1:08 | Voodoo Lounge |
| 1:16 | Peon |
| 1:28 | Peon |
| 1:46 | Orc Burrow |
| 1:49 | Peon |
| 2:01 | Watch Tower |
| 2:07 | Peon |
| 2:09 | Wind Walk |
| 2:14 | Healing Salve |
| 2:25 | Watch Tower |
| 2:33 | Peon |
| 2:45 | Peon |
| 3:09 | Peon |
| 3:11 | Watch Tower |
| 4:05 | Peon |
| 4:15 | Watch Tower |
| 4:20 | Boots of Speed |
| 4:21 | Staff of Teleportation |
| 4:41 | Peon |
| 4:44 | Watch Tower |
| 4:46 | Watch Tower |
| 5:03 | Stronghold |
| 5:22 | Voodoo Lounge |
| 5:27 | Watch Tower |
| 5:37 | Watch Tower |
| 5:55 | Watch Tower |
| 5:57 | Watch Tower |
| 6:11 | Watch Tower |
| 6:27 | Healing Salve |
| 6:34 | Orc Burrow |
| 6:38 | Watch Tower |
| 6:43 | Watch Tower |
| 7:42 | Beastiary |
| 8:06 | Beastiary |
| 8:24 | Hex |
| 8:26 | Fortress |
| 8:56 | Critical Strike |
| 9:13 | Orc Burrow |
| 9:16 | Beastiary |
| 9:18 | Reinforced Defenses |
| 9:29 | Steel Ranged Weapons |
| 9:51 | Boots of Speed |
| 9:52 | Staff of Teleportation |
| 10:25 | Troll Batrider |
| 10:49 | Liquid Fire |
| 10:56 | Troll Batrider |
| 11:32 | Troll Batrider |
| 11:44 | Troll Batrider |
| 11:55 | Troll Batrider |
| 12:31 | Voodoo Lounge |
| 12:39 | Healing Salve |
| 13:19 | Troll Batrider |
| 14:33 | Troll Batrider |
| 15:17 | Watch Tower |
| 15:19 | Watch Tower |
| 15:22 | Watch Tower |
| 15:24 | Watch Tower |
| 16:10 | Watch Tower |
| 16:12 | Troll Batrider |
| 16:13 | Thorium Ranged Weapons |
| 16:14 | Spiked Barricades |
| 16:25 | Watch Tower |
| 16:47 | Healing Wave |
| 17:40 | Watch Tower |
| 17:42 | Watch Tower |
| 17:44 | Healing Salve |
| 17:45 | Orb of Lightning |
| 17:56 | Staff of Sanctuary |
| 18:27 | Voodoo Lounge |
| 18:59 | Watch Tower |
| 19:01 | Watch Tower |
| 19:38 | Troll Batrider |
| 20:30 | Watch Tower |
| 20:46 | Wind Walk |
| 21:31 | Troll Batrider |
| 22:24 | Orb of Lightning |
| 22:35 | Staff of Sanctuary |
| 23:04 | Watch Tower |
| 23:06 | Watch Tower |
| 25:18 | Troll Batrider |
| 26:09 | Healing Wave |
| Right click | 2772 |
| Select | 524 |
| Select group | 388 |
| Build/train/purchase | 84 |
| Use ability | 73 |
| Misc. action | 41 |
| Resource trade | 14 |
| Assign group | 13 |
| Minimap ping | 3 |
| Item give/drop | 1 |
| Esc | 1 |



| Lesser Clarity Potion | 1 | 70 |
| Staff of Sanctuary | 2 | 500 |
| Scroll of Regeneration | 2 | 200 |
| Potion of Healing | 1 | 150 |
| Staff of Teleportation | 3 | 450 |
| Boots of Speed | 3 | 750 |
| Healing Salve | 1 | 100 |
| Orb of Lightning | 2 | 750 |
| total: | 15 | 2970g |
| Peasant | 27 | 2025 | / | 0 |
| Priest | 1 | 135 | / | 10 |
| total: | 28 | 2160g | / | 10w |
| Scout Tower | 80 | 2400 | / | 1600 |
| Arcane Tower | 1 | 70 | / | 50 |
| Guard Tower | 36 | 2520 | / | 1800 |
| Altar of Kings | 1 | 180 | / | 50 |
| Farm | 4 | 320 | / | 80 |
| Lumber Mill | 1 | 120 | / | 0 |
| Arcane Vault | 1 | 130 | / | 30 |
| Town Hall | 1 | 385 | / | 205 |
| Arcane Sanctum | 1 | 150 | / | 140 |
| Keep | 1 | 320 | / | 210 |
| Castle | 1 | 360 | / | 210 |
| total: | 89 | 3685g | / | 2105w |
| 0:02 | Peasant |
| 0:02 | Peasant |
| 0:06 | Altar of Kings |
| 0:10 | Farm |
| 0:12 | Peasant |
| 0:13 | Peasant |
| 0:32 | Farm |
| 0:33 | Peasant |
| 0:48 | Lumber Mill |
| 0:50 | Peasant |
| 0:52 | Scout Tower |
| 1:02 | Peasant |
| 1:14 | Peasant |
| 1:20 | Arcane Tower |
| 1:25 | Peasant |
| 1:33 | Scout Tower |
| 1:35 | Peasant |
| 1:46 | Farm |
| 1:50 | Peasant |
| 2:00 | Peasant |
| 2:04 | Guard Tower |
| 2:07 | Blizzard |
| 2:13 | Scout Tower |
| 2:14 | Peasant |
| 2:55 | Guard Tower |
| 2:56 | Scout Tower |
| 2:57 | Peasant |
| 3:22 | Brilliance Aura |
| 3:26 | Guard Tower |
| 3:28 | Scout Tower |
| 3:31 | Peasant |
| 3:31 | Peasant |
| 3:32 | Improved Masonry |
| 3:49 | Healing Salve |
| 3:49 | Lesser Clarity Potion |
| 3:58 | Guard Tower |
| 4:01 | Scout Tower |
| 4:03 | Peasant |
| 4:03 | Peasant |
| 5:05 | Guard Tower |
| 5:06 | Scout Tower |
| 5:09 | Keep |
| 5:15 | Arcane Vault |
| 5:22 | Scout Tower |
| 5:22 | Scout Tower |
| 5:34 | Guard Tower |
| 5:41 | Scout Tower |
| 5:42 | Scout Tower |
| 5:53 | Guard Tower |
| 5:53 | Guard Tower |
| 6:23 | Guard Tower |
| 6:35 | Staff of Teleportation |
| 6:35 | Boots of Speed |
| 6:49 | Town Hall |
| 6:54 | Scout Tower |
| 6:54 | Scout Tower |
| 6:55 | Scout Tower |
| 6:55 | Scout Tower |
| 6:56 | Scout Tower |
| 6:58 | Scout Tower |
| 6:58 | Scout Tower |
| 7:00 | Scout Tower |
| 7:00 | Scout Tower |
| 7:01 | Scout Tower |
| 7:04 | Guard Tower |
| 7:44 | Guard Tower |
| 7:54 | Arcane Sanctum |
| 8:08 | Castle |
| 8:25 | Advanced Masonry |
| 8:59 | Storm Bolt |
| 10:21 | Scout Tower |
| 10:22 | Scout Tower |
| 10:23 | Scout Tower |
| 10:24 | Scout Tower |
| 10:26 | Scout Tower |
| 10:30 | Staff of Sanctuary |
| 10:37 | Magic Sentry |
| 10:38 | Imbued Masonry |
| 11:02 | Guard Tower |
| 11:07 | Scout Tower |
| 11:07 | Scout Tower |
| 11:08 | Scout Tower |
| 11:14 | Peasant |
| 11:15 | Peasant |
| 11:17 | Farm |
| 11:46 | Guard Tower |
| 11:48 | Blizzard |
| 12:00 | Peasant |
| 12:06 | Guard Tower |
| 12:16 | Guard Tower |
| 12:19 | Scout Tower |
| 13:02 | Guard Tower |
| 13:06 | Scout Tower |
| 13:06 | Scout Tower |
| 13:07 | Scout Tower |
| 13:07 | Scout Tower |
| 13:25 | Scout Tower |
| 13:26 | Scout Tower |
| 13:29 | Scout Tower |
| 13:30 | Scout Tower |
| 13:38 | Scroll of Regeneration |
| 13:46 | Guard Tower |
| 13:59 | Staff of Sanctuary |
| 14:06 | Guard Tower |
| 14:13 | Guard Tower |
| 14:27 | Guard Tower |
| 15:00 | Guard Tower |
| 15:40 | Bash |
| 16:05 | Peasant |
| 16:05 | Peasant |
| 16:05 | Peasant |
| 16:05 | Peasant |
| 16:09 | Scroll of Regeneration |
| 16:14 | Guard Tower |
| 16:17 | Scout Tower |
| 16:17 | Scout Tower |
| 16:18 | Scout Tower |
| 16:18 | Scout Tower |
| 16:19 | Scout Tower |
| 16:19 | Scout Tower |
| 16:20 | Scout Tower |
| 16:21 | Scout Tower |
| 16:50 | Guard Tower |
| 16:57 | Scout Tower |
| 16:57 | Scout Tower |
| 17:09 | Holy Light |
| 17:26 | Staff of Teleportation |
| 17:26 | Boots of Speed |
| 17:45 | Guard Tower |
| 20:43 | Guard Tower |
| 20:58 | Orb of Lightning |
| 21:03 | Potion of Healing |
| 21:25 | Brilliance Aura |
| 21:44 | Storm Bolt |
| 21:55 | Storm Bolt |
| 22:07 | Storm Bolt |
| 22:09 | Peasant |
| 22:09 | Peasant |
| 22:11 | Orb of Lightning |
| 22:13 | Storm Bolt |
| 22:22 | Scout Tower |
| 22:23 | Scout Tower |
| 22:24 | Scout Tower |
| 22:24 | Scout Tower |
| 22:36 | Storm Bolt |
| 22:44 | Scout Tower |
| 22:44 | Scout Tower |
| 22:45 | Scout Tower |
| 22:46 | Scout Tower |
| 22:48 | Scout Tower |
| 22:50 | Staff of Teleportation |
| 22:50 | Boots of Speed |
| 23:05 | Guard Tower |
| 23:12 | Scout Tower |
| 23:12 | Scout Tower |
| 23:13 | Scout Tower |
| 23:14 | Scout Tower |
| 23:15 | Scout Tower |
| 23:17 | Guard Tower |
| 23:18 | Scout Tower |
| 23:19 | Scout Tower |
| 23:20 | Scout Tower |
| 23:28 | Scout Tower |
| 23:59 | Guard Tower |
| 24:38 | Scout Tower |
| 24:39 | Scout Tower |
| 24:40 | Scout Tower |
| 24:52 | Scout Tower |
| 24:55 | Scout Tower |
| 24:56 | Scout Tower |
| 24:56 | Scout Tower |
| 25:09 | Guard Tower |
| 25:12 | Scout Tower |
| 25:13 | Scout Tower |
| 25:14 | Scout Tower |
| 25:23 | Guard Tower |
| 25:25 | Priest |
| 25:25 | Priest Adept Training |
| 25:59 | Guard Tower |
| 26:11 | Divine Shield |
| 26:36 | Guard Tower |
| 26:36 | Guard Tower |
| 26:38 | Scout Tower |
| 26:39 | Scout Tower |
| 26:40 | Scout Tower |
| 26:42 | Scout Tower |
| 27:21 | Guard Tower |
| Right click | 2665 |
| Select group | 1358 |
| Select | 336 |
| Build/train/purchase | 146 |
| Use ability | 104 |
| Misc. action | 62 |
| Chat | 25 |
| Minimap ping | 20 |
| Assign group | 8 |
| Esc | 6 |
| Item give/drop | 5 |